 Dungeon Crawl Stone Soup version bcrawl-1.40.3b (webtiles) character file.

Game seed: 5891256048082366555

9729607 yrara the Bludgeoner (level 17, -4/149 HPs)
             Began as a Demonspawn Fighter on Mar 5, 2024.
             Was an Initiate of Gozag.
             Killed from afar by a starcursed mass (9 damage)
             ... with an accursed screaming
             ... on level 2 of the Abyss.
             The game lasted 00:34:05 (28912 turns).

yrara the Bludgeoner (Demonspawn Fighter)          Turns: 28912, Time: 00:34:06

Health: -4/149     AC: 31    Str: 37    XL:     17   Next: 21%
Magic:  17/17      EV: 21    Int: 19    God:    Gozag
Gold:   2031       SH:  0    Dex: 22    Spells: 16/16 levels left

rFire    + . .     GDR:     40% a - +7 morningstar of Success {drain, MR- Str+7 Int+4}
rCold    + + .     SeeInvis +   (no shield)
rNeg     . . .     Gourm    .   Q - +5 plate armour {MR+}
rPois    .         Faith    .   (helmet unavailable)
rElec    +         Spirit   .   N - +1 cloak of Starlight {rElec rC+ EV+4 Stlth--}
rCorr    .         Reflect  .   w - +2 pair of gloves {archery}
MR       +....                  z - +0 pair of boots of Arogeat {Regen+ Dex+3}
Stlth    ..........             J - amulet of regeneration
HPRegen  1.25/turn              R - ring of Vayleoqi {rF+ rC+ Str+6 Int+4 Dex-2}
MPRegen  0.15/turn              l - +4 ring of slaying

@: mighty, agile, gold aura
A: antennae 3, molten scales 2, demonic guardian 1, powered by pain 2, robust 1
}: 1/15 runes: decaying
a: Potion Petition, Call Merchant, Bribe Branch, Renounce Religion


You were on level 2 of the Abyss.
You worshipped Gozag.
Gozag was most pleased with you.
You were full.

You visited 6 branches of the dungeon, and saw 24 of its levels.
You visited the Abyss 2 times.
You also visited: Ice Cave.

You collected 10507 gold pieces.
You spent 5412 gold pieces at shops.
You paid 3064 gold pieces to Gozag.

Inventory:

Hand Weapons
 a - the +7 morningstar of Success (weapon) {drain, MR- Str+7 Int+4}
   (You bought it in a shop on level 6 of the Dungeon)

   A truly terrible weapon, it drains the life of those it strikes.
   It affects your strength (+7).
   It affects your intelligence (+4).
   It affects your resistance to hostile enchantments.
 b - the +8 longbow "Zephyr" {speed, Dex+3 SInv}
   (You bought it in a shop in the Orcish Mines)

   Attacks with this weapon are significantly faster.
   It affects your dexterity (+3).
   It lets you see invisible.
Missiles
 o - 4268 arrows
 r - 2 throwing nets {=f}
Armour
 c - a +0 medium shield
 w - a +2 pair of gloves of archery (worn)
 z - the +0 pair of boots of Arogeat (worn) {Regen+ Dex+3}
   (You bought it in a shop in the Orcish Mines)

   It affects your dexterity (+3).
   It increases your rate of regeneration.
 N - the +1 cloak of Starlight (worn) {rElec rC+ EV+4 Stlth--}
   (You bought it in a shop on level 8 of the Dungeon)

   It affects your evasion (+4).
   It protects you from cold.
   It insulates you from electricity.
   It makes you much less stealthy.
 Q - a +5 plate armour of magic resistance (worn)
Jewellery
 g - an uncursed ring of resist corrosion
 h - an uncursed amulet of guardian spirit
 k - an uncursed ring of positive energy
 l - a +4 ring of slaying (right hand)
 J - an amulet of regeneration (around neck)
 R - the ring of Vayleoqi (left hand) {rF+ rC+ Str+6 Int+4 Dex-2}
   (You bought it in a shop on level 9 of the Dungeon)

   [ring of strength]

   It affects your strength (+6).
   It affects your intelligence (+4).
   It affects your dexterity (-2).
   It protects you from fire.
   It protects you from cold.
 V - the ring of Liojogh {Fire rPois}
   (You took it off a deep elf knight on level 1 of the Elven Halls)

   [ring of fire]

   It enhances your fire magic.
   It protects you from fire.
   It makes you vulnerable to cold.
   It protects you from poison.
Wands
 d - a wand of polymorph (26)
 y - a wand of iceblast (43)
 C - a wand of paralysis (17)
 G - a wand of disintegration (12)
 U - a wand of scattershot (6)
Scrolls
 i - 2 scrolls of identify
 m - 4 scrolls of revelation
 p - 6 scrolls of amnesia
 q - 13 scrolls of remove curse
 u - 13 scrolls of teleportation
 v - 4 scrolls of fog
 D - 4 scrolls of fear
 I - 2 scrolls of enchant weapon
 K - a scroll of brand weapon
 P - 4 scrolls of blinking
 T - a scroll of enchant armour
Potions
 f - 4 potions of haste
 j - a potion of cancellation
 s - a potion of heal wounds
 t - a potion of flight
 x - a potion of mutation
 A - 2 potions of resistance
 B - 6 potions of curing
 E - 3 potions of agility
 F - 2 potions of brilliance
 H - 5 potions of might
 L - 2 potions of berserk rage
 M - a potion of invisibility
Miscellaneous
 O - 2 phantom mirrors
 S - a lightning rod (4/4)
Comestibles
 e - 19 rations {!d}


   Skills:
 + Level 13.1 Fighting
 * Level 18.4 Maces & Flails
 * Level 12.4 Bows
 + Level 12.1 Armour
 + Level 4.0 Dodging
 + Level 5.2 Stealth
 - Level 2.6 Shields


You had 16 spell levels left.
You didn't know any spells.
Your spell library contained the following spells:

 Spells                   Type           Power        Failure   Level  Hunger
 Magic Dart               Conj           #...         67%         1    None
 Slow                     Hex            #.......     67%         1    None
 Static Discharge         Air            #.....       67%         1    None
 Ensorcelled Hibernation  Hex/Ice        #.....       80%         2    ####...
 Searing Ray              Conj           #.......     80%         2    ####...
 Shock                    Conj/Air       #......      80%         2    ####...
 Swiftness                Chrm/Air       #.......     80%         2    ####...
 Confuse                  Hex            #.......     95%         3    #####..
 Dazzling Orbs            Conj/Hex       #......      95%         3    #####..
 Iskenderun's Mystic Bla  Conj           #.......     95%         3    #####..
 Mephitic Cloud           Conj/Pois/Air  #.......     95%         3    #####..
 Tukima's Dance           Hex            #.......     95%         3    #####..
 Airstrike                Air            #.........   100%        4    ######.
 Cause Fear               Hex            #.........   100%        4    ######.
 Fulminant Prism          Conj/Hex       #.........   100%        4    ######.
 Lightning Bolt           Conj/Air       #.......     100%        4    ######.
 Freezing Cloud           Ice/Air        #.......     100%        5    #######
 Irradiate                Conj/Tmut      #.........   100%        5    #######
 Metabolic Englaciation   Hex/Ice        #.........   100%        5    #######
 Silence                  Hex/Air        #.........   100%        5    #######
 Bolt of Cold             Conj/Ice       #.........   100%        6    #######
 Conjure Ball Lightning   Conj/Air       #.........   100%        6    #######
 Deflect Missiles         Chrm/Air       #.........   100%        6    #######
 Infestation              Hex/Tmut/Pois  #........    100%        6    #######
 Ozocubu's Refrigeration  Ice            #.........   100%        6    #######
 Simulacrum               Ice/Necr       #.......     100%        6    #######
 Discord                  Hex            #.........   100%        7    #######
 Icicle Burst             Conj/Ice       #.........   100%        7    #######
 Mana Rupture             Conj/Hex       #.........   100%        7    #######
 Summon Fire Elementals   Fire/Summ      #........    100%        7    #######
 Ignition                 Hex/Fire       #.........   100%        8    #######
 Tornado                  Tloc/Air       #.........   100%        8    #######
 Shatter                  Erth           #.........   100%        9    #######


Dungeon Overview and Level Annotations

Branches:
Dungeon (12/12)            Temple (1/1) D:7            Lair (6/6) D:8
  Swamp (3/3) Lair:3       Spider (0/3) Lair:4        Slime (0/5) Orc
    Orc (1/1) D:10            Elf (1/3) Lair:5       Vaults (0/3) D:12
 Depths (0/5) D:12

Altars:
Ashenzari
Cheibriados
Dithmenos
Fedhas
Gozag
Hepliaklqana
Kikubaaqudgha
Lugonu
Makhleb
Nemelex Xobeh
Okawaru
Qazlal
Ru
Sif Muna
Trog
Uskayaw
Vehumet
Wu Jian
Xom
Yredelemnul
Jiyva

Shops:
D:6 (   D:8 ([   D:9 =   D:11 [   D:12 }[=([   Orc *:(%**[%!   Lair:4 [
Swamp:1 *   Swamp:2 =

Annotations:
D:1 1 transporter
D:3 1 runed translucent door, Amelense's ghost, amateur HuFi
Lair:1 exclusion: oklob plant
Lair:5 exclusion: 3 oklob plants


Innate Abilities, Weirdness & Mutations

You have a pair of large antennae on your head. (SInv)
You are mostly covered in molten scales. (AC +3)
A weak demonic guardian rushes to your aid.
You sometimes gain power by taking damage.
You are robust. (+10% HP)


Message History

The starcursed mass touches your iron imp!
Your iron imp dies!
The starcursed mass is distracted by your dazzling golden aura.
The starcursed mass touches you.
* * * LOW HITPOINT WARNING * * *
The starcursed mass is distracted by your dazzling golden aura.
The white imp is distracted by your dazzling golden aura.
The white imp shouts, "Embrace thy fall, thou yeasty clapper-clawed yak-dropping!"
No path to travel!
Okay, then.
The starcursed mass is no longer distracted by gold.
The sixfirhy hits you!
* * * LOW HITPOINT WARNING * * *
The sixfirhy shocks you. You resist.
* * * LOW HITPOINT WARNING * * *
The sixfirhy hits you but does no damage.
The ufetubus blinks!
A cacophony of accursed wailing tears at your sanity!
You die...
Your body crumbles into a pile of gold.

. . . . ... .......##
...... #...#.......#
.....$ #..##........
..#...#$##...#........
....$$.............. .
#....X...........#. .
###.....5#...5......
.##.#.....5$.3@.......
.......$.2.t33........#
.
........Z#.§XX......#.
.....$...$.#.........#
.
....$)))$XXXXX........
# .......#.X.X.......#.
...
.....###...X........
.####... .............
# #.... .......##.###


You could see 10 starcursed masses, a cacodemon, a sun demon, an apocalypse crab
(invisible), a sixfirhy, a ynoxinul (invisible), a white imp, a shadow imp, an
ufetubus and a manticore skeleton.

Vanquished Creatures
  A bone dragon (Abyss:2)
  2 tentacled starspawn (Abyss:2)
  A shadow dragon (Abyss:2)
  Kirke (Lair:4)
  An azure jelly (Swamp:3)
  A deep elf sorcerer (Elf:1)
  2 orc warlords
  2 very ugly things (IceCv)
  The ghost of yrara the Protected, a journeyman DsFi of Gozag (Orc)
  A red draconian (Abyss:2)
  A minotaur (Orc)
  A deep elf death mage (Elf:1)
  A fire dragon (D:12)
  A merfolk impaler (Orc)
  2 vault guards (D:12)
  5 hydras
  2 shambling mangroves
  4 ice dragons
  A ghost crab (Swamp:1)
  4 catoblepae
  A two-headed ogre (D:9)
  A death knight (D:7)
  10 alligators
  16 death yaks
  A great orb of eyes (Abyss:2)
  5 tengu warriors
  3 hell hogs (Abyss:2)
  2 anacondas
  3 orc high priests (Orc)
  6 deep elf knights
  3 goliath frogs
  A wretched star (Abyss:2)
  2 fire crabs (shapeshifter)
  4 skeletal warriors
  A centaur warrior (D:11)
  A sixfirhy (Abyss:2)
  An unseen horror (D:12)
  5 swamp dragons
  5 deep elf archers (Elf:1)
  3 wizards
  5 large abominations
  A necromancer (D:12)
  3 orc knights
  17 deep elf magi (Elf:1)
  A wolf spider zombie (D:11)
  An ugly thing (D:12)
  A worldbinder (Abyss:2)
  3 orc sorcerers
  An apocalypse crab (Abyss:2)
  2 manticores (Lair:6)
  A black mamba (Lair:5)
  A torpor snail (Swamp:2)
  6 elephants
  A moth of wrath (Swamp:2)
  3 orange demons
  A rust devil (Abyss:2)
  7 ice statues
  A smoke demon (Abyss:2)
  11 cane toads
  2 kobold demonologists (Abyss:2)
  A demonic crawler (Abyss:2)
  An efreet (D:10)
  8 komodo dragons
  2 anaconda simulacra (IceCv)
  2 rime drakes
  5 freezing wraiths
  A tengu conjurer (D:12)
  An eye of draining (D:10)
  An ancient zyme (Abyss:2)
  A wolf spider simulacrum (D:12)
  A queen bee (Lair:5)
  3 meliai
  2 trolls
  A polar bear (Lair:1)
  A red devil (D:12)
  25 tyrant leeches
  4 hornets
  3 bog bodies
  8 raiju
  10 blink frogs
  3 harpy skeletons
  Grinder (D:5)
  8 slime creatures
  11 hippogriffs
  An air elemental (Elf:1)
  2 spriggans
  A shadow (D:12)
  A ynoxinul (Abyss:2)
  3 basilisks
  53 yaks
  A vampire (Abyss:2)
  A water elemental (Elf:1)
  4 wyverns
  Eustachio (D:5)
  18 humans (D:12)
  A hog (Lair:5)
  A chaos spawn (Abyss:2)
  3 hungry ghosts
  3 swamp worm simulacra (Swamp:3)
  14 vampire mosquitoes
  A neqoxec (Abyss:2)
  3 redbacks (Lair:4)
  Menkaure (D:5)
  An iron troll simulacrum (IceCv)
  16 swamp worms
  2 wargs (Orc)
  3 harpy simulacra (IceCv)
  Edmund (D:6)
  Duvessa (D:6)
  18 crocodiles
  15 hydra simulacra
  8 water moccasins
  6 small abominations (Abyss:2)
  26 orc warriors
  8 porcupines
  6 swamp drakes
  6 ice beasts (IceCv)
  2 sky beasts
  A boggart (D:10)
  An ettin simulacrum (IceCv)
  A hornet zombie (D:12)
  4 phantoms
  A necrophage (D:12)
  7 ogres
  8 wolves
  16 bullfrogs
  2 kobold brigands (Abyss:2)
  A gnoll sergeant (D:12)
  2 earth elementals (Elf:1)
  Dowan (D:6)
  7 centaurs
  4 scorpions
  36 killer bees
  8 wights (D:9)
  A howler monkey (D:5)
  9 orc priests
  An electric eel (Lair:2)
  2 bullfrog zombies
  6 crimson imps
  7 hounds
  A quasit (D:6)
  3 bullfrog skeletons
  4 iguanas
  3 jellies
  17 orc wizards
  8 iron imps
  6 hell rats (Lair:3)
  11 worker ants
  A killer bee zombie (D:4)
  A hound zombie (D:6)
  A hound skeleton (D:3)
  3 worker ant zombies
  9 gnolls
  13 adders
  3 shadow imps
  An ufetubus (Abyss:2)
  5 swamp drake simulacra (Swamp:3)
  2 adder zombies
  An adder skeleton (D:6)
  4 worms
  4 dart slugs
  6 leopard geckos
  66 orcs
  4 giant cockroaches
  2 goblins (D:1)
  3 hobgoblins
  4 jackals
  4 quokkas
  2 ball pythons
  7 bats
  6 frilled lizards
  13 kobolds
  6 rats
864 creatures vanquished.

Vanquished Creatures (collateral kills)
  A death yak (Lair:4)
  A deep elf knight (Elf:1)
  A skeletal warrior (D:10)
  2 black mambas (Lair:3)
  3 cane toads
  2 komodo dragons
  A hippogriff (Lair:2)
  Sigmund (D:6)
  4 yaks
  2 humans (D:12)
  2 vampire mosquitoes (Swamp:2)
  A water moccasin (Lair:1)
  A hydra simulacrum (Swamp:3)
  2 wolves (Lair:1)
  A bullfrog (Lair:4)
  A hound (D:4)
  3 orc wizards
  A gnoll (Orc)
  3 adders (D:4)
  6 orcs
39 creatures vanquished.

Vanquished Creatures (others)
  A cane toad (Swamp:1)
  A tyrant leech (Swamp:3)
  A bog body (Swamp:3)
  2 humans (Lair:5)
  A swamp drake (Swamp:3)
  A quokka (D:9)
  4 fungi
  13 plants
  4 starspawn tentacles (Abyss:2)
28 creatures vanquished.

Grand Total: 931 creatures vanquished

Notes
Turn   | Place    | Note
-------+----------+-------------------------------------------
     0 | D:1      | yrara the Demonspawn Fighter began the quest for the Orb.
     0 | D:1      | Reached XP level 1. HP: 18/18 MP: 1/1
   107 | D:1      | Reached skill level 2 in Maces & Flails
   184 | D:1      | Gained mutation: You are partially covered in molten
                  | scales. (AC +2) [demonic ancestry]
   184 | D:1      | Reached XP level 2. HP: 22/24 MP: 2/2
   776 | D:2      | Reached XP level 3. HP: 29/29 MP: 3/3
  1002 | D:2      | Found a white marble altar of Elyvilon.
  1002 | D:2      | Found a hide-covered altar of Uskayaw.
  1282 | D:3      | Reached skill level 3 in Maces & Flails
  1288 | D:3      | Noticed an ogre
  1293 | D:3      | Reached skill level 1 in Dodging
  1293 | D:3      | Gained mutation: You sometimes gain a little power by
                  | taking damage. [demonic ancestry]
  1293 | D:3      | Reached XP level 4. HP: 32/35 MP: 4/4
  1334 | D:2      | Killed an ogre
  1335 | D:2      | Reached skill level 4 in Maces & Flails
  1335 | D:2      | Gained mutation: You sometimes gain power by taking damage.
                  | [demonic ancestry]
  1335 | D:2      | Reached XP level 5. HP: 20/41 MP: 2/5
  1432 | D:3      | Found a radiant altar of Vehumet.
  1453 | D:3      | Noticed a phantom
  1625 | D:3      | Killed a phantom
  1626 | D:3      | Gained mutation: A weak demonic guardian rushes to your
                  | aid. [demonic ancestry]
  1626 | D:3      | Reached XP level 6. HP: 47/47 MP: 6/6
  1690 | D:3      | Found a hazy altar of Hepliaklqana.
  1691 | D:3      | Found a shimmering altar of Xom.
  1691 | D:3      | Noticed a hell beast
  1692 | D:3      | Noticed a hell beast
  1692 | D:3      | Noticed a spectral ugly thing
  1788 | D:3      | Found a runed translucent door.
  1791 | D:3      | Noticed Amelense's ghost (amateur HuFi)
  1805 | D:3      | Reached skill level 5 in Maces & Flails
  2398 | D:4      | Reached XP level 7. HP: 53/53 MP: 7/7
  2449 | D:4      | Reached skill level 6 in Maces & Flails
  3023 | D:5      | Entered Level 5 of the Dungeon
  3167 | D:5      | Noticed a hungry ghost
  3189 | D:5      | Paralysed by fainting for 6 turns
  3197 | D:5      | Killed a hungry ghost
  3198 | D:5      | Reached skill level 7 in Maces & Flails
  3198 | D:5      | Gained mutation: You have a pair of small antennae on your
                  | head. [demonic ancestry]
  3198 | D:5      | Reached XP level 8. HP: 39/60 MP: 5/8
  3420 | D:5      | Noticed Menkaure
  3426 | D:5      | Killed Menkaure
  3597 | D:5      | Found a blossoming altar of Fedhas.
  3659 | D:5      | Noticed Grinder
  3682 | D:5      | Killed Grinder
  3683 | D:5      | Reached skill level 5 in Armour
  3683 | D:5      | Reached skill level 1 in Stealth
  3714 | D:5      | Reached skill level 8 in Maces & Flails
  3878 | D:5      | Noticed Eustachio
  3901 | D:5      | Killed Eustachio
  4196 | D:5      | Found a basalt altar of Yredelemnul.
  4246 | D:5      | Found an ornate altar of the Wu Jian Council.
  4413 | D:6      | Noticed Sigmund
  4418 | D:6      | Killed Sigmund
  4419 | D:6      | Reached XP level 9. HP: 63/67 MP: 7/9
  4450 | D:6      | Reached skill level 5 in Fighting
  4465 | D:6      | Reached skill level 9 in Maces & Flails
  4654 | D:6      | Found Jepereo's Antique Weapon Boutique.
  4673 | D:6      | Bought a jewelled morningstar for 225 gold pieces
  4673 | D:6      | Identified the +7 morningstar of Success {drain, MR- Str+7
                  | Int+4} (You bought it in a shop on level 6 of the Dungeon)
  4751 | D:6      | Noticed Duvessa
  4751 | D:6      | Noticed Dowan
  4758 | D:6      | Killed Duvessa
  4761 | D:6      | Killed Dowan
  5002 | D:6      | Found a snail-covered altar of Cheibriados.
  5223 | D:6      | Reached skill level 10 in Maces & Flails
  5377 | D:6      | Noticed Edmund
  5383 | D:6      | Killed Edmund
  5558 | D:7      | Reached skill level 1 in Bows
  5789 | D:7      | Noticed a death knight
  5798 | D:7      | Killed a death knight
  5799 | D:7      | Gained mutation: You have a pair of antennae on your head.
                  | [demonic ancestry]
  5799 | D:7      | Reached XP level 10. HP: 33/76 MP: 6/10
  6122 | D:7      | Found a staircase to the Ecumenical Temple.
  6144 | Temple   | Entered the Ecumenical Temple
  6488 | D:7      | Reached skill level 11 in Maces & Flails
  7205 | D:8      | Found Enesuh's Antique Weapon Emporium.
  7365 | D:8      | Noticed an elephant
  7366 | D:8      | Found a staircase to the Lair.
  7398 | D:8      | Killed an elephant
  7718 | Temple   | Became a worshipper of Gozag Ym Sagoz the Greedy
  7822 | Lair:1   | Entered Level 1 of the Lair of Beasts
  7857 | Lair:1   | Reached skill level 12 in Maces & Flails
  8373 | Lair:1   | Noticed a death yak
  8374 | Lair:1   | Noticed a death yak
  8374 | Lair:1   | Noticed a death yak
  8386 | Lair:1   | Killed a death yak
  8387 | Lair:1   | Gained mutation: You are mostly covered in molten scales.
                  | (AC +3) [demonic ancestry]
  8387 | Lair:1   | Reached XP level 11. HP: 69/83 MP: 11/11
  8399 | Lair:1   | Killed a death yak
  8420 | Lair:1   | Killed a death yak
  8902 | Lair:1   | Noticed an oklob plant
  9425 | D:6      | Bought a runed shortbow for 150 gold pieces
 10003 | Lair:2   | Reached skill level 13 in Maces & Flails
 11274 | Lair:3   | Noticed an eight-headed hydra
 11279 | Lair:3   | Noticed a six-headed hydra
 11284 | Lair:3   | Killed an eight-headed hydra
 11285 | Lair:3   | Reached XP level 12. HP: 57/91 MP: 7/12
 11290 | Lair:3   | Killed a six-headed hydra
 11291 | Lair:3   | Reached skill level 5 in Bows
 11370 | Lair:3   | Found a staircase to the Swamp.
 12252 | Lair:4   | Found a hole to the Spider Nest.
 12266 | Lair:4   | Reached skill level 14 in Maces & Flails
 12378 | Lair:4   | Noticed a seven-headed hydra
 12385 | Lair:4   | Killed a seven-headed hydra
 12638 | Lair:4   | Noticed a death yak
 12648 | Lair:4   | Killed a death yak
 12649 | Lair:4   | Noticed a death yak
 12649 | Lair:4   | Noticed a death yak
 12649 | Lair:4   | Noticed a death yak
 12649 | Lair:4   | Noticed a death yak
 12649 | Lair:4   | Noticed a death yak
 12674 | Lair:4   | Killed a death yak
 12680 | Lair:4   | Killed a death yak
 13028 | Lair:4   | Killed a death yak
 13044 | Lair:3   | Killed a death yak
 13166 | Lair:4   | Killed a death yak
 14012 | Lair:4   | Reached XP level 13. HP: 81/99 MP: 9/13
 14390 | Lair:5   | Reached skill level 15 in Maces & Flails
 14669 | Lair:5   | Noticed Kirke
 14738 | Lair:4   | Killed Kirke
 15849 | Lair:5   | Found a staircase to the Elven Halls.
 16028 | Lair:6   | Entered Level 6 of the Lair of Beasts
 16733 | Lair:6   | Reached skill level 16 in Maces & Flails
 16906 | Lair:6   | Gained mutation: You are robust. (+10% HP) [demonic
                  | ancestry]
 16906 | Lair:6   | Reached XP level 14. HP: 91/118 MP: 12/14
 17100 | Lair:6   | Reached skill level 10 in Armour
 18060 | D:8      | Bought the +1 cloak of Starlight {rElec rC+ EV+4 Stlth--}
                  | for 845 gold pieces
 18060 | D:8      | Found the +1 cloak of Starlight {rElec rC+ EV+4 Stlth--}
 18427 | D:9      | Found a shattered altar of Ashenzari.
 18577 | D:9      | Found a white marble altar of Elyvilon.
 18908 | D:10     | Entered Level 10 of the Dungeon
 19287 | D:10     | Reached skill level 10 in Fighting
 19631 | D:10     | Found a staircase to the Orcish Mines.
 20155 | D:9      | Bought the ring of Vayleoqi {rF+ rC+ Str+6 Int+4 Dex-2} for
                  | 813 gold pieces
 20191 | Orc      | Entered the Orcish Mines
 20191 | Orc      | Found Xyaj's General Store.
 20191 | Orc      | Found Limam's Food Shop.
 20463 | Orc      | Noticed an orc warlord
 20464 | Orc      | Found Huysal's General Store.
 20525 | D:10     | Killed an orc warlord
 20721 | Orc      | Paralysed by an orc sorcerer for 2 turns
 20888 | Orc      | Noticed an orc warlord
 20911 | Orc      | Killed an orc warlord
 20973 | Orc      | Found Pericyu's Distillery.
 20985 | Orc      | Bought a potion of heal wounds for 75 gold pieces
 21016 | Orc      | Found Hur Olox's Antique Armour Shoppe.
 21020 | Orc      | Bought a +2 pair of gloves of archery for 301 gold pieces
 21059 | Orc      | Found Taodelof's Food Shoppe.
 21151 | Orc      | Found Mukadd's Antique Weapon Shoppe.
 21236 | Orc      | Found Luacleyng's Book Boutique.
 21477 | Orc      | Found a runed translucent gate.
 21478 | Orc      | Found a runed translucent gate.
 21479 | Orc      | Noticed yrara's ghost (journeyman DsFi)
 21481 | Orc      | Found a runed translucent gate.
 21485 | Orc      | Found an iron altar of Okawaru.
 21550 | Orc      | Found a viscous altar of Jiyva.
 21551 | Orc      | Found a staircase to the Slime Pits.
 21632 | Orc      | Found Ixuv's Assorted Antiques.
 21635 | Orc      | Bought a scroll labeled KESURGH COEWNO for 30 gold pieces
 21657 | Orc      | Found a roughly hewn altar of Beogh.
 21781 | Orc      | Bought a pair of steaming boots for 275 gold pieces
 21791 | Orc      | Identified the cursed +0 pair of boots of Arogeat {Regen+
                  | Dex+3} (You bought it in a shop in the Orcish Mines)
 21792 | Orc      | Identified the +2 pair of boots of Dramatic Exits {Dex+3}
                  | (You acquired it in the Orcish Mines)
 21792 | Orc      | Identified the amulet "Yroihoab" {RegenMP rElec rPois Dex-2
                  | SInv} (You acquired it in the Orcish Mines)
 21816 | Orc      | Bought the +8 longbow "Zephyr" {speed, Dex+3 SInv} for 994
                  | gold pieces
 21816 | Orc      | Found the +8 longbow "Zephyr" {speed, Dex+3 SInv}
 21853 | Orc      | Reached skill level 17 in Maces & Flails
 21863 | Orc      | Killed yrara's ghost
 21866 | Orc      | Gained mutation: You have a pair of large antennae on your
                  | head. (SInv) [demonic ancestry]
 21866 | Orc      | Reached XP level 15. HP: 69/128 MP: 8/15
 21972 | Orc      | Got a heavily runed medium shield
 21974 | Orc      | Got a twisted demon blade
 22019 | Orc      | Bought a potion of might for 60 gold pieces
 22019 | Orc      | Bought a potion of might for 60 gold pieces
 22302 | D:11     | Found Ytacar's Antique Armour Shoppe.
 22738 | D:12     | Entered Level 12 of the Dungeon
 22844 | D:12     | Found Melaerpha's Armour Boutique.
 22873 | D:12     | Found a basalt altar of Yredelemnul.
 22958 | D:12     | Found a staircase to the Depths.
 23032 | D:12     | Found Motweo's Jewellery Emporium.
 23035 | D:12     | Bought a +4 ring of slaying for 458 gold pieces
 23049 | D:12     | Found Paone's Weapon Boutique.
 23194 | D:12     | Found a gate to the Vaults.
 23213 | D:12     | Cast into level 1 of the Abyss (a wizard)
 23338 | Abyss:2  | Noticed a tentacled starspawn
 23345 | Abyss:2  | Killed a tentacled starspawn
 23427 | Abyss:2  | Noticed a shadow dragon
 23461 | Abyss:2  | Killed a shadow dragon
 23801 | D:12     | Escaped the Abyss
 23971 | D:12     | Found Qeamnidd's Gadget Boutique.
 23984 | D:12     | Reached skill level 10 in Bows
 24184 | D:12     | Found Hohes's Antique Armour Emporium.
 24186 | D:12     | Found an ornate altar of the Wu Jian Council.
 24293 | D:11     | Bought a crude plate armour for 784 gold pieces
 24303 | D:11     | Identified the cursed +0 plate armour of Theory {rF+} (You
                  | bought it in a shop on level 11 of the Dungeon)
 24334 | D:12     | Bought a distressingly furry cloak for 342 gold pieces
 24344 | D:12     | Identified the -4 cloak "Vihoow" {Regen+ Str+5 Int-4} (You
                  | bought it in a shop on level 12 of the Dungeon)
 24589 | Swamp:1  | Entered Level 1 of the Swamp
 24865 | Swamp:1  | Found a frozen archway.
 24885 | IceCv    | Entered an ice cave
 24984 | IceCv    | Reached XP level 16. HP: 131/139 MP: 16/16
 25200 | IceCv    | Got a steaming great sword
 25498 | Swamp:1  | Found Vonu's Island Escapes.
 26554 | Swamp:2  | Reached skill level 18 in Maces & Flails
 27036 | Swamp:3  | Entered Level 3 of the Swamp
 27940 | Swamp:3  | Reached skill level 5 in Stealth
 27962 | Swamp:3  | Got a decaying rune of Zot
 28226 | Elf:1    | Entered Level 1 of the Elven Halls
 28368 | Elf:1    | Identified the ring of Liojogh {Fire rPois}
 28591 | Elf:1    | Reached XP level 17. HP: 148/148 MP: 17/17
 28691 | Elf:1    | Cast into level 2 of the Abyss (a deep elf demonologist)
 28843 | Abyss:2  | HP: 2/148 [tentacled starspawn (11)]
 28870 | Abyss:2  | Noticed a bone dragon
 28886 | Abyss:2  | Killed a bone dragon
 28905 | Abyss:2  | Paralysed by accursed screaming for 1 turns
 28912 | Abyss:2  | HP: 5/149 [sixfirhy[a cacodemon] (4)]
 28912 | Abyss:2  | Killed from afar by a starcursed mass

Skill      XL: |  1  2  3  4  5  6  7  8  9 10 11 12 13 14 15 16 17 |
---------------+----------------------------------------------------+-----
Maces & Flails | 2 3 4 5 7 8 10 12 13 14 16 17 18 | 18.4
Armour         | 3 4 5 6 7 8 9 10 11 12 | 12.1
Dodging        | 1 2 3 4 |  4.0
Fighting       | 4 5 6 7 8 9 10 12 13 | 13.1
Stealth        | 1 2 3 4 5 |  5.2
Bows           | 1 3 4 6 7 8 10 12 | 12.4
Shields        | |  2.6

Action                   |  1- 3 |  4- 6 |  7- 9 | 10-12 | 13-15 | 16-18 || total
-------------------------+-------+-------+-------+-------+-------+-------++-------
Melee: Flail             |   130 |   143 |   286 |       |       |       ||   559
       Morningstar       |       |       |    85 |   505 |  1224 |   492 ||  2306
 Fire: Shortbow          |       |       |       |     8 |    28 |       ||    36
       Longbow           |       |       |       |       |    87 |   184 ||   271
Invok: Call Merchant     |       |       |       |     1 |     2 |     1 ||     4
       Potion Petition   |       |       |       |       |       |     1 ||     1
  Use: Scroll            |    10 |     1 |     2 |    10 |     9 |     2 ||    34
       Potion            |       |     1 |     5 |     1 |     2 |     3 ||    12
 Stab: Distracted        |       |       |     3 |     6 |    25 |     6 ||    40
       Confused          |       |       |       |       |       |     1 ||     1
  Eat: Chunk             |     4 |    10 |    23 |     6 |     2 |       ||    45
       Ration            |       |       |     1 |     9 |    16 |     8 ||    34
Armor: Scale mail        |    77 |    88 |   217 |       |       |       ||   382
       Plate armour      |       |       |     5 |   377 |   719 |   302 ||  1403
Dodge: Dodged            |    95 |    82 |   189 |   256 |   721 |   321 ||  1664
